 Dungeon Crawl Stone Soup version 0.30.1-11-g7821555f0a (webtiles) character file.

Game seed: 6206178054337080535

9928 SacredBeard the Artisan of Death (level 11, -5/86 HPs)
             Began as a Demonspawn Necromancer on Nov 2, 2023.
             Was a Priest of Kikubaaqudgha.
             Killed by divine providence
             ... invoked by an orc priest
              (16 damage)
             ... on level 10 of the Dungeon on Nov 3, 2023.
             The game lasted 00:48:43 (10704 turns).

SacredBeard the Artisan of Death (DsNe)            Turns: 10704, Time: 00:48:43

Health: -5/86      AC: 22    Str: 15    XL:     11   Next: 29%
Magic:  17/20      EV: 14    Int: 17    God:    Kikubaaqudgha [***...]
Gold:   413        SH:  7    Dex: 17    Spells: 21/22 levels left

rFire   . . .        x - +5 dagger (venom)
rCold   . . .        (no shield)
rNeg    . . .        m - +2 scale mail {rPois}
rPois   +            (no helmet)
rElec   .            A - +2 cloak {rCorr}
rCorr   +            k - +1 pair of gloves {Stlth+}
SInv    .            W - +0 pair of boots
Will    .....        l - amulet of reflection
Stlth   +++          J - +6 ring of strength
HPRegen 0.34/turn    U - ring of the Octopus King {Fly HP+2 AC+2 EV+2 SH+2}
MPRegen 0.17/turn

%: reflection
@: flying
A: yellow scales 3, demonic magic 2, weakness stinger 2
a: Renounce Religion, Unearth Wretches


You were on level 10 of the Dungeon.
You worshipped Kikubaaqudgha.
Kikubaaqudgha was most pleased with you.
You visited 1 branch of the dungeon, and saw 10 of its levels.

You collected 545 gold pieces.
You spent 132 gold pieces at shops.

Inventory:

Hand Weapons
 x - a +5 dagger of venom (weapon)
 E - a +1 dagger of electrocution
 M - a +2 dagger of speed
Armour
 j - a +2 cloak
 k - a +1 pair of gloves of stealth (worn)
 m - a +2 scale mail of poison resistance (worn)
 w - the +2 ring mail "Nuhadets" {rF++ rC+}
   (You found it on level 2 of the Dungeon)

   rF:        It greatly protects you from fire.
   rC:        It protects you from cold.
 A - a +2 cloak of preservation (worn)
 W - a +0 pair of boots (worn)
 Y - a +0 tower shield
Jewellery
 l - an amulet of reflection (around neck)
 I - a ring of protection from cold
 J - a +6 ring of strength (left hand)
 N - a ring of wizardry
 U - a ring of the Octopus King (right hand) {Fly HP+2 AC+2 EV+2 SH+2}
   (You bought it in a shop on level 1 of the Dungeon)

   [ring of flight]

   AC:        It affects your AC (+2).
   EV:        It affects your evasion (+2).
   HP:        It affects your health (+2).
   Fly:       It grants you flight.
   SH:        It affects your SH (+2).
 X - a ring of protection from cold
Wands
 c - a wand of flame (8)
 D - a wand of light (10)
 H - a wand of roots (11)
Scrolls
 a - a scroll of immolation {unknown}
 d - 4 scrolls of fog {unknown}
 e - a scroll of blinking {unknown}
 h - 4 scrolls of identify {unknown}
 i - a scroll of summoning {unknown}
 o - a scroll of vulnerability {unknown}
 p - 5 scrolls of magic mapping {unknown}
 q - 5 scrolls of enchant armour {unknown}
 r - a scroll of fear {unknown}
 t - 4 scrolls of teleportation {unknown}
 v - 5 scrolls of amnesia {unknown}
 z - 6 scrolls of poison {unknown}
 B - 2 scrolls of torment {unknown}
 O - 2 scrolls of noise {unknown}
 T - 2 scrolls of enchant weapon {unknown}
Potions
 b - 2 potions of magic
 f - 6 potions of brilliance {unknown}
 g - a potion of attraction {unknown}
 n - 2 potions of might {unknown}
 s - a potion of haste {unknown}
 u - 3 potions of mutation {unknown}
 C - 6 potions of curing {unknown}
 F - a potion of invisibility {unknown}
 G - a potion of berserk rage {unknown}
 K - a potion of lignification {unknown}
 L - a potion of heal wounds {unknown}
 V - a potion of cancellation {unknown}


   Skills:
 + Level 7.1 Fighting
 + Level 6.1 Armour
 + Level 6.1 Dodging
 + Level 7.1 Stealth
 + Level 6.0 Spellcasting
 + Level 8.2 Necromancy
 + Level 7.1 Evocations


You had 21 spell levels left.
You knew the following spells:

 Your Spells              Type           Power      Damage    Failure   Level
a - Necrotise             Necr           100%       1d9       1%          1

Your spell library contained the following spells:

 Spells                   Type           Power      Damage    Failure   Level
 Sublimation of Blood     Necr           33%        N/A       2%          2
 Vampiric Draining        Necr           33%        2d8       4%          3
 Animate Dead             Necr           33%        N/A       16%         4
 Cigotuvi's Dreadful Rot  Necr/Pois/Air  28%        N/A       22%         2
 Agony                    Necr           33%        N/A       38%         5
 Sandblast                Erth           10%        2d5       41%         1
 Passwall                 Tmut/Erth      4%         N/A       54%         2
 Anguish                  Hex/Necr       9%         N/A       63%         4
 Stone Arrow              Conj/Erth      10%        3d7       78%         3
 Borgnjor's Vile Clutch   Necr/Erth      9%         N/A       92%         5
 Cause Fear               Hex            2%         N/A       99%         4
 Simulacrum               Ice/Necr       9%         N/A       100%        6
 Enfeeble                 Hex            2%         N/A       100%        7
 Haunt                    Necr/Summ      9%         N/A       100%        7
 Infestation              Necr           16%        N/A       100%        8
 Chain Lightning          Conj/Air       2%         3d3       100%        9
 Fire Storm               Conj/Fire      2%         8d1       100%        9
 Shatter                  Erth           2%         3d6*      100%        9


Dungeon Overview and Level Annotations

Branches:
Dungeon (10/15) Zot: 25829  Temple (0/1) D:7            Lair (0/5) D:10
    Orc (0/2) D:10

Altars:
Fedhas
Gozag
Hepliaklqana
Kikubaaqudgha
Makhleb
Ru
Sif Muna
Trog
Wu Jian
Xom

Shops:
D:1 *   D:7 (

Annotations:
D:5 3 runed translucent doors, kwasso's ghost, novice DsGl


Innate Abilities, Weirdness & Mutations

You are completely covered in yellow scales. (AC +4, rCorr)
Spells you cast may paralyse nearby enemies.
You have a tail ending in a sharp stinger.


Message History

The orc warrior looks as sick as possible!
Your tail-slap misses the orc warrior.
The orc warrior is severely wounded.
You block the orc warrior's attack. The orc warrior closely misses you.
Casting: Necrotise (safe; 1% risk of failure)
Confirm with . or Enter, or press ? or * to list all spells.
Aiming: Necrotise (safe; 1% risk of failure)
Press: ? - help, Shift-Dir - straight line, f - orc warrior
Aim: an orc warrior, wielding a +0 battleaxe and wearing a +0 plate armour (severely wounded, extremely poisoned, chance to affect: 83%)
The orc warrior writhes in agony.
Malevolent energies surge around you.
The orc warrior suddenly stops moving!
The orc warrior closely misses you.
Casting: Necrotise (safe; 1% risk of failure)
Confirm with . or Enter, or press ? or * to list all spells.
Aiming: Necrotise (safe; 1% risk of failure)
Press: ? - help, Shift-Dir - straight line, f/p - orc warrior
Aim: an orc warrior, wielding a +0 battleaxe and wearing a +0 plate armour (almost dead, extremely poisoned, chance to affect: 83%)
The orc warrior writhes in agony!
You kill the orc warrior!
Kikubaaqudgha accepts your kill. Malevolent energies surge around you.
The orc priest suddenly stops moving!
The orc warrior is no longer paralysed.
You block the orc warrior's attack.
The orc priest casts a cantrip, but nothing happens.
The orc priest is no longer paralysed.
Your orc warrior skeleton hits the orc warrior but does no damage.
You see here a +0 hand axe.
The orc priest closely misses your orc warrior skeleton.
The orc priest calls down the wrath of Beogh upon you.
Beogh smites you!
* * * LOW HITPOINT WARNING * * *
The orc priest invokes the aid of Beogh against you.
Beogh smites you!
* * * LOW HITPOINT WARNING * * *
Things that are here:
a +0 club; a +0 leather armour A centaur comes into view.
The centaur moves out of view.
The orc priest invokes the aid of Beogh against you.
Beogh smites you!
You die...
Kikubaaqudgha rasps: "You have failed me!
Welcome... death!"

#......#......).Z...)
#......###'Z..o##..##
#..........##...####.
#.......o...##.......
#......o.....########
#...................#
#...................#
#....###'###......###
#...@#.....#......#..
#....#.....###....#..
##....#.......#....#..
#.....#.......#....###
#...<.#......##.......
#.....#......#........
#.....#.....###.#####.
#.....# ###8###...#.
#.....# ##8...8##..#.


You could see an orc warrior and an orc priest.

Vanquished Creatures
  A tengu warrior (D:8)
  A manticore (D:8)
  An unseen horror (D:8)
  Maggie (D:8)
  A yaktaur (D:8)
  A rime drake (D:10)
  2 trolls (D:10)
  A polar bear (D:10)
  Sigmund (D:5)
  4 yaks
  2 wyverns
  A steam dragon (D:9)
  4 vampire mosquitoes (D:10)
  A warg (D:10)
  An acid dragon (D:10)
  5 ice beasts
  5 orc warriors
  A black bear (D:5)
  4 wolves
  3 centaurs
  A phantom (D:4)
  4 kobold brigands
  5 bullfrogs
  2 gnoll sergeants (D:7)
  A scorpion (D:5)
  14 killer bees
  2 howler monkeys
  4 jellies
  Crazy Yiuf (D:2)
  5 gnoll boudas (D:7)
  4 orc priests
  6 hounds
  Jessica (D:3)
  A sleepcap (D:6)
  12 orc wizards
  2 iguanas (D:5)
  24 gnolls
  7 adders
  2 shadow imps
  A white imp (D:7)
  30 orcs
  2 endoplasms
  A giant cockroach (D:1)
  8 goblins
  7 hobgoblins
  14 jackals
  31 kobolds
  2 quokkas (D:1)
  4 ball pythons
  5 bats
  A frilled lizard (D:3)
  3 rats
248 creatures vanquished.

Vanquished Creatures (collateral kills)
  A polar bear (D:10)
  A troll (D:10)
  A yak (D:9)
  An ice beast (D:10)
  A kobold brigand (D:8)
  2 howler monkeys (D:10)
  3 gnolls
  A ball python (D:1)
  An endoplasm (D:1)
  3 kobolds
  A rat (D:1)
16 creatures vanquished.

Grand Total: 264 creatures vanquished

Notes
Turn   | Place    | Note
-------+----------+-------------------------------------------
     0 | D:1      | SacredBeard the Demonspawn Necromancer began the quest for
                  | the Orb.
     0 | D:1      | Reached XP level 1. HP: 13/13 MP: 3/3
    78 | D:1      | Gained mutation: You have a small tail. [demonic ancestry]
    78 | D:1      | Reached XP level 2. HP: 15/20 MP: 1/5
   249 | D:1      | Found Doduusoyt's Assorted Antiques.
   469 | D:1      | Reached XP level 3. HP: 25/25 MP: 4/6
   844 | D:2      | Identified the +2 ring mail "Nuhadets" {rF++ rC+}
   869 | D:2      | Found a faded altar of an unknown god.
  1112 | D:2      | Found a runed translucent door.
  1113 | D:2      | Noticed Crazy Yiuf
  1851 | D:3      | Found a sacrificial altar of Ru.
  1868 | D:3      | Reached skill level 5 in Necromancy
  1914 | D:3      | Gained mutation: Spells you cast may paralyse adjacent
                  | enemies. [demonic ancestry]
  1914 | D:3      | Reached XP level 4. HP: 24/31 MP: 2/7
  1987 | D:3      | Reached skill level 1 in Armour
  1996 | D:3      | Noticed Jessica
  2002 | D:3      | Killed Jessica
  2003 | D:3      | Reached skill level 1 in Fighting
  2029 | D:3      | Found a shimmering altar of Xom.
  2328 | D:3      | Found an opulent altar of Gozag.
  2328 | D:3      | Found a burning altar of Makhleb.
  2452 | D:3      | Gained mutation: You are partially covered in yellow
                  | scales. (AC +2) [demonic ancestry]
  2452 | D:3      | Reached XP level 5. HP: 37/37 MP: 6/8
  2745 | D:4      | Noticed a phantom
  2772 | D:4      | Killed a phantom
  2773 | D:4      | Gained mutation: You are mostly covered in yellow scales.
                  | (AC +3) [demonic ancestry]
  2773 | D:4      | Reached XP level 6. HP: 44/44 MP: 10/10
  2891 | D:4      | Reached skill level 6 in Necromancy
  3018 | D:4      | You fall into a shaft and drop 3 floors!
  3101 | D:5      | Entered Level 5 of the Dungeon
  3139 | D:5      | Noticed Sigmund
  3141 | D:5      | Reached XP level 7. HP: 48/51 MP: 5/11
  3155 | D:5      | Killed Sigmund
  3275 | D:4      | Found a hazy altar of Hepliaklqana.
  3560 | D:5      | Found a runed translucent gate.
  3560 | D:5      | Found an opulent altar of Gozag.
  3563 | D:5      | Found a runed translucent gate.
  3563 | D:5      | Found a runed translucent gate.
  3564 | D:5      | Noticed a wyvern
  3566 | D:5      | Noticed kwasso's ghost (novice DsGl)
  4057 | D:6      | Gained mutation: You are completely covered in yellow
                  | scales. (AC +4, rCorr) [demonic ancestry]
  4057 | D:6      | Reached XP level 8. HP: 50/58 MP: 10/13
  4122 | D:6      | Found an ancient bone altar of Kikubaaqudgha.
  4129 | D:6      | Became a worshipper of Kikubaaqudgha
  5380 | D:7      | Found a staircase to the Ecumenical Temple.
  5457 | D:7      | Reached skill level 5 in Stealth
  5499 | D:7      | Found a shimmering blue altar of Sif Muna.
  5511 | D:7      | Reached skill level 5 in Fighting
  5516 | D:7      | Reached skill level 1 in Evocations
  5757 | D:7      | Found Jule's Weapon Emporium.
  5895 | D:7      | Reached * piety under Kikubaaqudgha
  5895 | D:7      | Received a gift from Kikubaaqudgha
  5978 | D:7      | Reached XP level 9. HP: 51/68 MP: 12/15
  6187 | D:7      | Reached skill level 5 in Evocations
  6493 | D:8      | Noticed Maggie
  6522 | D:8      | Killed Maggie
  6522 | D:8      | Reached ** piety under Kikubaaqudgha
  6661 | D:1      | Bought a scroll labelled WOAHIMM WARYT for 22 gold pieces
  6661 | D:1      | Bought a ring of the Octopus King for 110 gold pieces
  6661 | D:1      | Found the ring of the Octopus King {Fly HP+2 AC+2 EV+2
                  | SH+2}
  6661 | D:1      | Found the ring of the Octopus King {Fly HP+2 AC+2 EV+2
                  | SH+2}
  6767 | D:2      | Killed Crazy Yiuf
  7315 | D:8      | Noticed a yaktaur
  7348 | D:8      | Found a bloodstained altar of Trog.
  7480 | D:8      | Noticed a centaur warrior
  7573 | D:8      | Noticed a manticore
  7585 | D:8      | Killed a manticore
  7744 | D:8      | Killed an unseen horror
  7745 | D:8      | Gained mutation: You have a tail ending in a sharp stinger.
                  | [demonic ancestry]
  7745 | D:8      | Reached XP level 10. HP: 59/76 MP: 17/17
  7860 | D:8      | Reached skill level 5 in Armour
  7860 | D:8      | Reached skill level 5 in Spellcasting
  7874 | D:9      | Reached skill level 5 in Dodging
  7896 | D:9      | Reached skill level 7 in Necromancy
  8591 | D:9      | Reached *** piety under Kikubaaqudgha
  8591 | D:9      | Received a gift from Kikubaaqudgha
  9016 | D:9      | Found a blossoming altar of Fedhas.
  9297 | D:8      | Noticed a tengu warrior
  9316 | D:8      | Killed a tengu warrior
  9533 | D:10     | Entered Level 10 of the Dungeon
  9741 | D:10     | Gained mutation: Spells you cast may paralyse nearby
                  | enemies. [demonic ancestry]
  9741 | D:10     | Reached XP level 11. HP: 67/83 MP: 17/19
  9839 | D:10     | Found a staircase to the Lair.
 10010 | D:10     | Reached skill level 8 in Necromancy
 10543 | D:10     | Found an ornate altar of the Wu Jian Council.
 10646 | D:10     | Found a staircase to the Orcish Mines.
 10704 | D:10     | Killed from afar by an orc priest

Illustrated notes

Levels and vault maps discovered:
D:1:      lemuel_arrival_room, layout_rooms, serial_shops, shop
D:2:      layout_loops_ring, ebering_ecumenical_altar_webs,
          uniq_crazy_yiuf_cottage
D:3:      layout_rooms, mainiacjoe_overflow_surrounded_room,
          brannock_xom_greatest_gift, mainiacjoe_overflow_large_starburst,
          uniq_jessica
D:4:      layout_cave_pools, nzn_hepliaklqana_mist_gate
D:5:      layout_rooms, ebering_ghost_gozag, uniq_sigmund
D:6:      hellmonk_ruined_rings, layout_cave_pods,
          nicolae_overflow_crystal_walls
D:7:      layout_cave_pools, nicolae_sif_muna_condensation,
          minmay_temple_entry_glassed_door, serial_gnoll_camp,
          gnoll_camp_mini_shop, gnoll_camp_medium_02, gnoll_camp_mini_house,
          gnoll_camp_mini_house, gnoll_camp_mini_house, gnoll_camp_mini_house,
          enter_bailey_7
D:8:      nzn_winding_woodlands_large [nzn_winding_woodlands_5x5_checkerboard,
          nzn_winding_woodlands_5x15_lazy_stream,
          nzn_winding_woodlands_5x5_three, nzn_winding_woodlands_center_lodge,
          nzn_winding_woodlands_15x15_thick_spiral,
          nzn_winding_woodlands_center_triple_pond,
          nzn_winding_woodlands_5x5_cross,
          nzn_winding_woodlands_5x15_split_checker,
          nzn_winding_woodlands_5x5_perimeter], layout_loops_ring,
          okawaru_humans, mainiacjoe_overflow_boulevard, minmay_small_thing,
          uniq_maggie
D:9:      nicolae_cairo_tiling_very_big, layout_loops_cross,
          lemuel_crystal_altar, nicolae_elyvilon_peaceful_grove
D:10:     layout_irregular_city, nzn_wu_jian_council_hall,
          hellmonk_lair_entry_icy, david_orc_1_choice, kennysheep_dice

Skill      XL: |  1  2  3  4  5  6  7  8  9 10 11 |
---------------+----------------------------------+-----
Stealth        | 2 3 4 5 6 7 |  7.1
Dodging        | 2 3 4 5 6 |  6.1
Necromancy     | 5 6 7 8 |  8.2
Armour         | 1 2 3 4 5 6 |  6.1
Fighting       | 1 2 3 5 6 7 |  7.1
Spellcasting   | 3 4 5 6 |  6.0
Evocations     | 4 5 6 7 |  7.1

Action                     |  1- 3 |  4- 6 |  7- 9 | 10-12 || total
---------------------------+-------+-------+-------+-------++-------
  Melee: Short sword       |    54 |     3 |       |       ||    57
         Punch             |     1 |     2 |     1 |     4 ||     8
         Tailslap          |     4 |    13 |    46 |    67 ||   130
         Dagger            |       |    86 |   289 |   330 ||   705
   Cast: Necrotise         |    33 |    45 |   159 |    86 ||   323
   Stab: Paralysed         |       |     1 |     4 |     6 ||    11
         Distracted        |       |     1 |     2 |       ||     3
         Sleeping          |       |       |     1 |       ||     1
 Armour: Robe              |    15 |       |       |       ||    15
         Scale mail        |    10 |    65 |   205 |   217 ||   497
  Dodge: Dodged            |    26 |    38 |   172 |   268 ||   504
  Block: Other             |       |       |     4 |   135 ||   139
         Reflection        |       |       |       |     3 ||     3
